 Dungeon Crawl Stone Soup version 0.26-a0-43-g20b394c (webtiles) character file.

Game seed: 6239542485919206411

696 silenth the Chopper (level 7, -5/50 HPs)
             Began as an Octopode Fighter on June 4, 2020.
             Was a Follower of Makhleb.
             Killed from afar by an orc wizard (11 damage)
             ... with a puff of flame
             ... on level 5 of the Dungeon.
             The game lasted 00:05:01 (4701 turns).

silenth the Chopper (Octopode Fighter)              Turns: 4701, Time: 00:05:01

Health: -5/50      AC:  3    Str: 17    XL:     7   Next: 64%
Magic:  7/7        EV: 11    Int: 17    God:    Makhleb [*.....]
Gold:   267        SH:  8    Dex: 11    Spells: 6/6 levels left

rFire    . . .     SeeInvis .   a - +0 war axe
rCold    . . .     Gourm    .   b - +0 kite shield
rNeg     . . .     Faith    .   s - +2 hat
rPois    .         Spirit   .   (no amulet)
rElec    .         Reflect  .   j - +6 ring of intelligence
rCorr    .         Harm     .   q - ring of wizardry
MR       .....                  y - ring of attention (curse)
Stlth    +.........             B - ring of flight
HPRegen  0.16/turn              (no ring)
MPRegen  0.10/turn              (no ring)
                                (no ring)
                                (no ring)

@: hasted, very quick
A: almost no armour, stealthy swim, amphibious, 8 rings, constrict 8, camouflage
1, gelatinous body 1
a: Renounce Religion, Evoke Flight


You were on level 5 of the Dungeon.
You worshipped Makhleb.
Makhleb was aware of your devotion.
You were hungry.

You visited 2 branches of the dungeon, and saw 6 of its levels.

You collected 267 gold pieces.

Inventory:

Hand Weapons
 a - a +0 war axe (weapon)
 C - a +0 flail of draining
Missiles
 d - 3 javelins (quivered)
 A - a throwing net
Armour
 b - a +0 kite shield (worn)
 s - a +2 hat (worn)
Jewellery
 j - a +6 ring of intelligence (left tentacle)
 q - a ring of wizardry (right tentacle)
 y - a cursed ring of attention (on tentacle)
 B - a ring of flight (on tentacle)
Wands
 r - a wand of flame (6)
Scrolls
 h - 3 scrolls of amnesia {unknown}
 i - a scroll of identify
 k - a scroll of fear
 l - a scroll of remove curse {unknown}
 m - 2 scrolls of teleportation {unknown}
 t - a scroll of random uselessness {unknown}
 u - a scroll of enchant weapon {unknown}
 v - a scroll of blinking
 w - a scroll of magic mapping {unknown}
Potions
 c - a potion of might
 f - a potion of flight
 g - 2 potions of lignification {unknown}
 o - 3 potions of heal wounds {unknown}
 p - a potion of mutation
 D - a potion of magic {unknown}
 E - a potion of invisibility {unknown}
Comestibles
 e - 7 rations
 z - a chunk of flesh


   Skills:
 + Level 5.5 Fighting
 * Level 6.9 Axes
 - Level 3.0 Dodging
 - Level 3.0 Shields


You had 6 spell levels left.
You didn't know any spells.
Your spell library was empty.

Dungeon Overview and Level Annotations

Branches:
Dungeon (5/15)             Temple (1/1) D:4

Altars:
Ashenzari
Cheibriados
Dithmenos
Elyvilon
Fedhas
Gozag
Hepliaklqana
Kikubaaqudgha
Makhleb
Nemelex Xobeh
Okawaru
Qazlal
Ru
Trog
Uskayaw
Vehumet
Wu Jian
Xom
Yredelemnul
Zin
The Shining One


Innate Abilities, Weirdness & Mutations

You cannot wear most types of armour.
You are very stealthy in the water. (Stealth+)
You are amphibious.
You can wear up to eight rings at the same time.
You can use your tentacles to constrict eight enemies at once.
Your skin changes colour to match your surroundings (Stealth+).
Your rubbery body absorbs attacks. (AC +1, EV +1)


Message History

The orc wizard is almost dead.
You barely miss the orc. You constrict the orc.
The orc wizard closely misses you. The orc hits you with a +0 dagger.
* * * LOW HITPOINT WARNING * * *
You feel better.
You constrict the orc. Something hits you.
* * * LOW HITPOINT WARNING * * *
You block the orc wizard's attack. You block the orc's attack.
You barely miss something. You hit the orc wizard.
You hit the orc but do no damage. You constrict the orc.
You kill the orc!
Makhleb accepts your kill.
You hear some strange, mumbled words.
A puff of flame appears from out of thin air!
The puff of flame misses you.
The orc wizard hits you with a +0 dagger.
* * * LOW HITPOINT WARNING * * *
You hear some strange, mumbled words.
A puff of flame appears from out of thin air!
The puff of flame hits you!
You die...

#
##...#
#..# #
#...##
#.#
#....#
#.
#....##
###...#
##..##
##..##
##..##
##o@#
##{).#
##...#
#)...
......
.....#
...##
..##


You could see an orc wizard.

Vanquished Creatures
  Menkaure (D:5)
  Edmund (D:5)
  An orc priest (D:5)
  2 orc wizards
  Crazy Yiuf (D:2)
  Jessica (D:2)
  2 iguanas
  4 worker ants
  A worker ant zombie (D:5)
  5 adders
  An adder skeleton (D:4)
  2 worms
  2 dart slugs (D:1)
  7 leopard geckos
  13 orcs
  10 bats
  4 giant cockroaches
  12 goblins
  8 hobgoblins
  6 jackals
  6 kobolds
  4 quokkas
  3 frilled lizards
  A jackal skeleton (D:4)
  6 rats
104 creatures vanquished.

Notes
Turn   | Place    | Note
-------+----------+-------------------------------------------
     0 | D:1      | silenth the Octopode Fighter began the quest for the Orb.
     0 | D:1      | Reached XP level 1. HP: 16/16 MP: 1/1
   126 | D:1      | Reached XP level 2. HP: 16/21 MP: 2/2
   367 | D:1      | Reached skill level 3 in Axes
   663 | D:1      | Reached XP level 3. HP: 26/26 MP: 3/3
  1449 | D:2      | Reached XP level 4. HP: 28/33 MP: 4/4
  1796 | D:2      | Found a runed translucent door.
  1797 | D:2      | Noticed Crazy Yiuf
  1834 | D:2      | Reached skill level 4 in Axes
  1852 | D:2      | Noticed Jessica
  1857 | D:2      | Killed Jessica
  1857 | D:2      | Reached XP level 5. HP: 37/37 MP: 5/5
  1884 | D:2      | Reached skill level 4 in Fighting
  1977 | D:2      | Killed Crazy Yiuf
  2400 | D:3      | Reached skill level 5 in Axes
  3085 | D:4      | Found a staircase to the Ecumenical Temple.
  3114 | D:4      | Reached XP level 6. HP: 44/44 MP: 6/6
  3304 | Temple   | Entered the Ecumenical Temple
  3443 | Temple   | Became a worshipper of Makhleb the Destroyer
  3653 | D:4      | Found a stormy altar of Qazlal.
  4354 | D:5      | Entered Level 5 of the Dungeon
  4376 | D:5      | Reached skill level 5 in Fighting
  4376 | D:5      | Reached skill level 6 in Axes
  4467 | D:5      | Found an ornate altar of the Wu Jian Council.
  4483 | D:5      | Found a blossoming altar of Fedhas.
  4486 | D:5      | Found a glowing golden altar of the Shining One.
  4512 | D:5      | Reached XP level 7. HP: 47/50 MP: 7/7
  4543 | D:5      | Found a sparkling altar of Nemelex Xobeh.
  4543 | D:5      | Noticed Edmund
  4545 | D:5      | Noticed Menkaure
  4550 | D:5      | Killed Edmund
  4554 | D:5      | Killed Menkaure
  4697 | D:5      | Reached * piety under Makhleb
  4699 | D:5      | HP: 4/50 [orc/+0 dagger (3)]
  4701 | D:5      | Killed from afar by an orc wizard

Illustrated notes

Levels and vault maps discovered:
D:1:      dpeg_arrival_three_smaller_balls, layout_basic, nrook_mini_backslash
D:2:      layout_loops_ring, uniq_jessica, uniq_crazy_yiuf_cottage
D:3:      wander_river, layout_basic, serial_bayou_pond_c
D:4:      layout_cave_pods, grunt_qazlal_sundering, minmay_temple_entry_grid,
          kennysheep_another_room
D:5:      layout_layer_cave, minitemple, nemelex_xobeh_ov_fountains_minmay,
          first_ration, uniq_menkaure, uniq_edmund
Temple:   regret_index_temple_sphere_string

Skill      XL: |  1  2  3  4  5  6 |
---------------+-------------------+-----
Axes           | 3 4 5 6 |  6.9
Fighting       | 4 5 |  5.5
Dodging        | |  3.0
Shields        | |  3.0

Action                   |  1- 3 |  4- 6 |  7- 9 || total
-------------------------+-------+-------+-------++-------
Melee: War axe           |    66 |   106 |    17 ||   189
       Constrict         |    22 |    32 |     6 ||    60
       Tentacles         |    10 |    27 |     3 ||    40
  Use: Scroll            |       |     7 |       ||     7
       Potion            |       |     1 |     2 ||     3
 Stab: Sleeping          |     5 |     7 |       ||    12
  Eat: Chunk             |     2 |     6 |       ||     8
       Ration            |       |     1 |       ||     1
Armor: Skin              |     3 |    11 |     2 ||    16
Dodge: Dodged            |    31 |    38 |     8 ||    77
Block: Kite shield       |    29 |    41 |     7 ||    77

Table legend:
 A = Non-vault XP
 B = Vault XP
 C = Vault XP percentage of total XP
 D = Non-vault monster count
 E = Vault monster count
 F = Vault count percentage of total count
                 A         B        C        D         E       F
            +---------+---------+-------+---------+---------+-------
      Total |     589 |     406 |  40.8 |     100 |       4 |   3.8
            +---------+---------+-------+---------+---------+-------
        D:1 |      48 |       0 |   0.0 |      25 |       0 |   0.0
        D:2 |      82 |      76 |  48.1 |      19 |       2 |   9.5
        D:3 |     109 |       0 |   0.0 |      28 |       0 |   0.0
        D:4 |     214 |       0 |   0.0 |      21 |       0 |   0.0
        D:5 |     136 |     330 |  70.8 |       7 |       2 |  22.2
            +---------+---------+-------+---------+---------+-------
